 Dungeon Crawl Stone Soup version 0.32-a0-900-g30fb1b0edc (webtiles) character file.

Game seed: 12407122696142510298

2083 RayTrace the Covert (level 9, -1/55 HPs)
             Began as a Kobold Gladiator on Apr 5, 2024.
             Was a Follower of Wu Jian.
             Slain by a lemure (3 damage)
             ... led by Pikel
             ... on level 4 of the Dungeon.
             The game lasted 00:14:56 (6991 turns).

RayTrace the Covert (Kobold Gladiator)              Turns: 6991, Time: 00:14:57

Health: -1/55      AC:  8    Str: 16    XL:     9   Next: 51%
Magic:  14/14      EV: 18    Int: 13    God:    Wu Jian [*.....]
Gold:   254        SH:  0    Dex: 24    Spells: 15/15 levels left

rFire   . . .        t - +4 short sword
rCold   . . .        (no shield)
rNeg    . . .        L - +4 robe of Augmentation {Str+4 Int+4 Dex+4}
rPois   .            c - +0 helmet
rElec   .            C - +0 cloak
rCorr   .            (no gloves)
SInv    .            (no boots)
Will    .....        (no amulet)
Stlth   ++++++       i - ring of wizardry
HPRegen 0.29/turn    (no ring)
MPRegen 0.14/turn

%: wizardry (x1)
@: no status effects
A: small, no large weapons, nightstalker 3
a: Renounce Religion


You were on level 4 of the Dungeon.
You worshipped Wu Jian.
Wu Jian was aware of your devotion.
You visited 2 branches of the dungeon, and saw 9 of its levels.

You collected 254 gold pieces.

Inventory:

Hand Weapons
 a - a +0 rapier
 t - a +4 short sword (weapon)
Missiles
 d - 2 throwing nets (quivered)
 e - 12 boomerangs
Armour
 c - a +0 helmet (worn)
 o - a +3 leather armour
 C - a +0 cloak (worn)
 L - the +4 robe of Augmentation (worn) {Str+4 Int+4 Dex+4}
   (You found it on level 7 of the Dungeon)

   Str+4:     It affects your strength (+4).
   Int+4:     It affects your intelligence (+4).
   Dex+4:     It affects your dexterity (+4).
Magical Staves
 p - a staff of air
Jewellery
 i - a ring of wizardry (left hand)
 K - a +6 ring of dexterity
Talismans
 y - a talisman of death
Scrolls
 g - a scroll of identify
 j - 3 scrolls of enchant weapon {unknown}
 l - 3 scrolls of poison {unknown}
 s - a scroll of enchant armour
 u - a scroll of noise {unknown}
 v - a scroll of silence {unknown}
 x - a scroll of blinking {unknown}
 z - 2 scrolls of teleportation {unknown}
 A - a scroll of summoning {unknown}
 B - a scroll of vulnerability {unknown}
 D - 2 scrolls of amnesia {unknown}
 G - a scroll of brand weapon {unknown}
Potions
 b - 3 potions of brilliance {unknown}
 f - 4 potions of haste {unknown}
 h - 4 potions of curing {unknown}
 k - a potion of lignification {unknown}
 m - 2 potions of attraction {unknown}
 n - a potion of ambrosia {unknown}
 q - a potion of might {unknown}
 r - 2 potions of enlightenment {unknown}
 w - a potion of cancellation {unknown}
 E - 2 potions of degeneration {unknown}
 F - 4 potions of heal wounds {unknown}
 H - a potion of magic {unknown}
 I - a potion of resistance {unknown}
 J - a potion of berserk rage {unknown}


   Skills:
 + Level 5.8 Fighting
 + Level 7.6 Short Blades
 - Level 2.1 Throwing
 + Level 1.9 Armour
 - Level 6.1 Dodging
 * Level 10.1 Stealth
 - Level 3.9 Spellcasting


You had 15 spell levels left.
You didn't know any spells.
Your spell library contained the following spells:

 Spells                   Type           Power      Damage    Failure   Level
 Magic Dart               Conj           8%         1d3       9%          1
 Cigotuvi's Dreadful Rot  Necr/Alch/Air  4%         N/A       13%         2
 Searing Ray              Conj           4%         2d4       13%         2
 Dispel Undead            Necr           2%         3d7       61%         4
 Fulminant Prism          Conj/Alch      1%         3d5       61%         4
 Martyr's Knell           Necr/Summ      2%         N/A       61%         4
 Iskenderun's Battlesphe  Conj           2%         2d6       90%         5
 Bombard                  Conj/Erth      1%         9d1       100%        6
 Spellforged Servitor     Conj/Summ      1%         N/A       100%        7


Dungeon Overview and Level Annotations

Branches:
Dungeon (8/15)             Temple (1/1) D:5
   Lair: D:8-11

Altars:
Ashenzari
Cheibriados
Dithmenos
Elyvilon
Fedhas
Gozag
Hepliaklqana
Kikubaaqudgha
Makhleb
Nemelex Xobeh
Okawaru
Qazlal
Ru
Sif Muna
Trog
Uskayaw
Wu Jian
Xom
Yredelemnul
Zin
The Shining One

Shops:
D:5 [

Annotations:
D:4 Natasha, Pikel


Innate Abilities, Weirdness & Mutations

You are small and have problems with some larger weapons.
You are completely attuned to the shadows.


Message History

You barely miss Pikel.
Pikel is heavily wounded.
You closely miss Pikel.
Pikel is heavily wounded.
The lemure misses you. Pikel hits you but does no damage.
You barely miss Pikel.
Pikel is heavily wounded.
The lemure completely misses you.
You closely miss Pikel.
Pikel is heavily wounded.
Pikel hits you with a +2 whip of flaming.
Pikel burns you.
You hit Pikel.
Pikel is severely wounded.
The lemure completely misses you.
Pikel hits you with a +2 whip of flaming!
Pikel burns you.
* * * LOW HITPOINT WARNING * * *
You hit Pikel but do no damage.
Pikel is severely wounded.
You hit Pikel but do no damage.
Pikel is severely wounded.
The lemure completely misses you.
Pikel hits you with a +2 whip of flaming.
* * * LOW HITPOINT WARNING * * *
Pikel burns you.
* * * LOW HITPOINT WARNING * * *
You hit Pikel.
Pikel is severely wounded.
The lemure misses you.
You hit Pikel but do no damage.
Pikel is severely wounded.
Pikel hits you with a +2 whip of flaming.
* * * LOW HITPOINT WARNING * * *
Pikel burns you.
* * * LOW HITPOINT WARNING * * *
You hit Pikel.
Pikel is severely wounded.
The lemure hits you.
You die...

.................
.......#
................#
.......##
...............##
........
................#.#
........##.........)
........###......).
.....##.###........
....###..#..#..5K##
#..###......#...@.#
....##....##........
........#............
. ..#.#.#..##.....#
..#####......!..#


You could see Pikel and a lemure.

Vanquished Creatures
  Sigmund (D:4)
  A steam dragon (D:7)
  A water moccasin (D:7)
  3 black bears (D:6)
  A sky beast (D:7)
  2 ogres
  2 phantoms
  3 lemures
  2 kobold brigands
  2 bullfrogs
  2 scorpions
  2 wights (D:6)
  2 hounds (D:5)
  A jelly (D:5)
  A gnoll bouda (D:3)
  2 orc priests (D:7)
  2 sleepcaps (D:5)
  Jessica (D:2)
  2 orc wizards
  An iguana (D:5)
  Natasha (D:4)
  3 gnolls (D:4)
  3 adders
  A ribbon worm (D:4)
  2 dart slugs
  10 orcs
  11 ball pythons
  6 endoplasms
  2 giant cockroaches (D:1)
  6 goblins
  6 hobgoblins
  3 jackals (D:2)
  13 kobolds
  3 quokkas
  9 bats
  6 frilled lizards
  6 rats
125 creatures vanquished.

Vanquished Creatures (others)
  An orc (D:7)
1 creature vanquished.

Grand Total: 126 creatures vanquished

Notes
Turn   | Place    | Note
-------+----------+-------------------------------------------
     0 | D:1      | RayTrace the Kobold Gladiator began the quest for the Orb.
     0 | D:1      | Reached XP level 1. HP: 12/12 MP: 1/1
   281 | D:1      | Reached skill level 1 in Stealth
   281 | D:1      | Reached XP level 2. HP: 15/17 MP: 2/2
   571 | D:1      | Reached skill level 2 in Stealth
   571 | D:1      | Reached XP level 3. HP: 20/22 MP: 4/4
   861 | D:2      | Reached skill level 1 in Spellcasting
  1113 | D:2      | Noticed Jessica
  1116 | D:2      | Killed Jessica
  1117 | D:2      | Reached skill level 3 in Stealth
  1117 | D:2      | Reached XP level 4. HP: 27/27 MP: 5/5
  1588 | D:2      | Reached XP level 5. HP: 32/32 MP: 7/7
  1652 | D:3      | Noticed a phantom
  1989 | D:3      | Found a shimmering blue altar of Sif Muna.
  1990 | D:3      | Found a glowing golden altar of the Shining One.
  1991 | D:3      | Found an opulent altar of Gozag.
  1994 | D:3      | Found a shimmering altar of Xom.
  1999 | D:3      | Found a bloodstained altar of Trog.
  2002 | D:3      | Found an iron altar of Okawaru.
  2004 | D:3      | Found a shadowy altar of Dithmenos.
  2005 | D:3      | Found a hide-covered altar of Uskayaw.
  2483 | D:4      | Reached skill level 4 in Stealth
  2536 | D:4      | Noticed Sigmund
  2564 | D:4      | Reached XP level 6. HP: 37/37 MP: 8/8
  2603 | D:3      | Reached skill level 5 in Short Blades
  2793 | D:4      | Noticed Natasha
  2797 | D:4      | Killed Natasha
  2939 | D:4      | Noticed an ogre
  2973 | D:4      | Noticed Natasha
  2982 | D:3      | Killed an ogre
  2983 | D:3      | Reached skill level 5 in Stealth
  3187 | D:4      | Killed Sigmund
  3188 | D:4      | Reached skill level 5 in Dodging
  3188 | D:4      | Reached skill level 6 in Stealth
  3188 | D:4      | Reached XP level 7. HP: 41/42 MP: 10/10
  3456 | D:5      | Entered Level 5 of the Dungeon
  3476 | D:5      | Found Sutocwim's Armour Shoppe.
  3761 | D:5      | Found a staircase to the Ecumenical Temple.
  3767 | Temple   | Entered the Ecumenical Temple
  3781 | Temple   | Became a worshipper of the Wu Jian Council
  3911 | D:5      | Found a hazy altar of Hepliaklqana.
  3951 | D:5      | Reached XP level 8. HP: 43/48 MP: 12/12
  4022 | D:5      | Reached skill level 7 in Stealth
  4655 | D:4      | Noticed Pikel
  5095 | D:6      | Reached skill level 8 in Stealth
  5526 | D:6      | Found a white marble altar of Elyvilon.
  5679 | D:7      | Reached skill level 5 in Fighting
  5679 | D:7      | Reached XP level 9. HP: 54/54 MP: 14/14
  5718 | D:7      | Found the +4 robe of Augmentation {Str+4 Int+4 Dex+4}
  5798 | D:6      | Reached skill level 9 in Stealth
  5989 | D:6      | Reached skill level 1 in Armour
  6186 | D:7      | Reached * piety under Wu Jian
  6347 | D:7      | HP: 2/55 [poisoned by a kobold brigand]
  6550 | D:7      | Reached skill level 10 in Stealth
  6990 | D:4      | HP: 2/55 [Pikel/+2 whip of flaming (2)]
  6991 | D:4      | Slain by a lemure

Illustrated notes

Levels and vault maps discovered:
D:1:      zelgadis_glass_arrival_small, layout_loops_cross
D:2:      layout_loops_ring, eino_tiny_chamber, minmay_increasing_density,
          uniq_jessica
D:3:      layout_basic, nicolae_overflow_hallway_of_the_gods,
          nicolae_houndstooth_variations
D:4:      layout_cave_pools, uniq_pikel, uniq_sigmund, uniq_pargi, uniq_natasha
D:5:      layout_basic, mainiacjoe_overflow_concentric_impassable,
          minmay_temple_entry_ruins, serial_shops, nicolae_shop_tiny_waterfront,
          kennysheep_generic_room_3
D:6:      layout_loops_ring, mainiacjoe_overflow_brackets
D:7:      layout_rooms, minmay_bent
D:8:      layout_gridville, serial_shops, nicolae_shop_crystal, minivault_11,
          uniq_psyche
Temple:   jpeg_temple_clearing

Skill      XL: |  1  2  3  4  5  6  7  8  9 |
---------------+----------------------------+-----
Stealth        | 1 2 3 4 6 8 10 | 10.1
Spellcasting   | 1 2 3 |  3.9
Dodging        | 4 5 6 |  6.1
Fighting       | 3 4 5 |  5.8
Short Blades   | 5 6 7 |  7.6
Armour         | 1 |  1.9
Throwing       | |  2.1

Action                     |  1- 3 |  4- 6 |  7- 9 || total
---------------------------+-------+-------+-------++-------
  Melee: Rapier            |    99 |   120 |   190 ||   409
         Short sword       |       |       |    96 ||    96
  Throw: Throwing net      |       |     2 |       ||     2
Ability: Lunge             |       |       |    18 ||    18
         Whirlwind         |       |       |     2 ||     2
    Use: Scroll            |       |       |     3 ||     3
   Stab: Sleeping          |    12 |    23 |    15 ||    50
         Held in net/web   |       |     2 |       ||     2
         Distracted        |       |       |     1 ||     1
 Armour: Leather armour    |    52 |    43 |   111 ||   206
         Robe              |       |       |    12 ||    12
  Dodge: Dodged            |    69 |    73 |   180 ||   322

Table legend: (Time is in decaauts)
 A = Elapsed time spent in this place.
 B = Non-inter-level travel time spent in this place.
 C = Inter-level travel time spent in this place.
 D = Time resting spent in this place.
 E = Time spent auto-exploring this place.
 F = Levels seen in this place.
 G = Mean time per level.
                   A        B        C        D        E       F      G
               +--------+--------+--------+--------+--------+-----+--------+
         Total |   6946 |   6651 |    295 |   1201 |   3798 |   9 |  771.8 |
       Dungeon |   6917 |   6636 |    281 |   1201 |   3798 |   8 |  864.6 |
        Temple |     28 |     14 |     14 |      0 |      0 |   1 |   28.0 |
               +--------+--------+--------+--------+--------+-----+--------+

Top non-repeatable levels by time:
     D:3: 1427 daAuts
     D:6: 1268 daAuts
     D:5: 1260 daAuts
     D:2: 930 daAuts
     D:1: 766 daAuts
     D:4: 593 daAuts
     D:8: 340 daAuts
     D:7: 331 daAuts
  Temple: 28 daAuts
